 Dungeon Crawl Stone Soup version 0.26-a0-491-g70697cc071 (webtiles) character file.

Game seed: 103196947801204688

870 MrRokkomies the Slasher (level 8, -2/54 HPs)
             Began as an Octopode Chaos Knight on Aug 5, 2020.
             Was a Plaything of Xom.
             Slain by an ogre
             ... wielding a +0 giant spiked club
              (27 damage)
             ... on level 4 of the Dungeon.
             The game lasted 00:06:42 (9786 turns).

MrRokkomies the Slasher (Octopode Chaos Knight)     Turns: 9786, Time: 00:06:42

Health: -2/54      AC:  1    Str: 11    XL:     8   Next: 3%
Magic:  0/8        EV: 16    Int: 21    God:    Xom [...*..]
Gold:   284        SH:  0    Dex: 13    Spells: 7/7 levels left

rFire    . . .     SeeInvis .   a - +1 falchion (chaos)
rCold    . . .     Faith    .   (no shield)
rNeg     . . .     Spirit   +   (helmet restricted)
rPois    .         Reflect  .   b - amulet of guardian spirit
rElec    .         Harm     .   (no ring)
rCorr    .                      j - ring of stealth
MR       .....                  (no ring)
Stlth    +++++.....             (no ring)
HPRegen  0.18/turn              (no ring)
MPRegen  0.11/turn              (no ring)
                                (no ring)
                                (no ring)

@: no status effects
A: almost no armour, stealthy swim, amphibious, 8 rings, constrict 8, camouflage
1, agile 1, clever 2, gelatinous body 1
a: Renounce Religion


You were on level 4 of the Dungeon.
You worshipped Xom.
You were a favourite toy of Xom.
You visited 1 branch of the dungeon, and saw 4 of its levels.

You collected 284 gold pieces.

Inventory:

Hand Weapons
 a - a +1 falchion of chaos (weapon)
Missiles
 k - 9 poisoned darts (quivered)
Jewellery
 b - an amulet of guardian spirit (around mantle)
 j - a ring of stealth (right tentacle)
Wands
 g - a wand of iceblast (5)
Scrolls
 c - a scroll of fear
 e - 2 scrolls of amnesia
 i - a scroll of remove curse
Potions
 f - a potion of flight
 h - 3 potions of curing
 l - 3 potions of brilliance
 n - a potion of haste {unknown}
 o - a potion of cancellation


   Skills:
 + Level 4.5 Fighting
 * Level 5.8 Long Blades
 * Level 5.6 Dodging
 + Level 4.8 Stealth


You had 7 spell levels left.
You didn't know any spells.
Your spell library was empty.

Dungeon Overview and Level Annotations

Branches:
Dungeon (4/15)
 Temple: D:4-7

Altars:
Gozag
Makhleb
Uskayaw

Shops:
D:3 *


Innate Abilities, Weirdness & Mutations

You cannot wear most types of armour.
You are very stealthy in the water. (Stealth+)
You are amphibious.
You can wear up to eight rings at the same time.
You can use your tentacles to constrict eight enemies at once.
Your skin changes colour to match your surroundings (Stealth+).
Your rubbery body absorbs attacks. (AC +1, EV +1)
You are agile. (Dex +2)
Your mind is very acute. (Int +4)


Message History

A giant cockroach comes into view.
The ogre closely misses you.
A giant cockroach comes into view.
You barely miss the ogre. You squeeze the ogre!
The ogre is moderately wounded.
You hit the ogre.
The ogre seems to grow stronger.
Your squeeze misses the ogre.
The ogre is heavily wounded.
The ogre hits you with a +0 giant spiked club!!
Ouch! That really hurt!
You are too injured to fight recklessly!
You are too injured to fight recklessly!
You are too injured to fight recklessly!
You are too injured to fight recklessly!
Unknown command.
You hit the ogre but do no damage.
The ogre is heavily wounded.
The ogre hits you with a +0 giant spiked club!!
Ouch! That really hurt!
You die...

..........#.#....## #....#....##
###.#............# #....#.###..
.................# #....#####.#
####...........#.#####....).....#
#...###..............##....###
#...# #.#####.#########)...#
#...# .. #.# #....# #...#
##.####.##### #....# .....
.......@....# #....#
......##....Os.##.# #....#
......##.......# #....# #.......#
###### #.....s.. #.........
###....... #........


You could see an ogre (strong) and 2 giant cockroaches.

Vanquished Creatures
  Pikel (D:4)
  A lemure (D:4)
  A scorpion (D:4)
  2 orc priests (D:4)
  Ijyb (D:4)
  3 orc wizards
  3 worker ants
  4 adders
  An ooze (D:4)
  4 worms
  A dart slug (D:3)
  3 leopard geckos
  5 orcs
  A ball python (D:3)
  5 bats
  2 giant cockroaches
  7 goblins
  5 hobgoblins
  3 jackals (D:4)
  2 quokkas
  4 frilled lizards
  8 kobolds
  16 rats
83 creatures vanquished.

Vanquished Creatures (collateral kills)
  An orc priest (D:4)
1 creature vanquished.

Grand Total: 84 creatures vanquished

Notes
Turn   | Place    | Note
-------+----------+-------------------------------------------
     0 | D:1      | MrRokkomies the Octopode Chaos Knight began the quest for
                  | the Orb.
     0 | D:1      | Reached XP level 1. HP: 16/16 MP: 1/1
   171 | D:1      | Reached XP level 2. HP: 21/21 MP: 2/2
   382 | D:1      | XOM: divination: magic mapping
   386 | D:1      | Reached skill level 1 in Stealth
   702 | D:1      | Reached XP level 3. HP: 15/26 MP: 1/3
   888 | D:1      | XOM: god gift: 36 gold pieces
  2363 | D:1      | XOM is BORED!
  2563 | D:1      | XOM: divination: magic mapping
  2722 | D:1      | XOM: cloud trail
  3650 | D:1      | XOM: give mutations
  3650 | D:1      | Gained mutation: Your mind is acute. (Int +2) [Xom's grace]
  3650 | D:1      | Gained mutation: Your mind is very acute. (Int +4) [Xom's
                  | grace]
  3650 | D:1      | Gained mutation: You are agile. (Dex +2) [Xom's grace]
  4699 | D:2      | Reached XP level 4. HP: 31/31 MP: 4/4
  5565 | D:2      | XOM: divination: magic mapping
  7227 | D:2      | XOM: noise
  7357 | D:2      | XOM is BORED!
  7477 | D:2      | XOM: cloud trail
  7892 | D:2      | XOM: god gift: 25 arrows
  8048 | D:3      | Found a hide-covered altar of Uskayaw.
  8048 | D:3      | Noticed a +0 hand axe
  8049 | D:3      | Noticed a +0 dagger
  8253 | D:3      | Found a burning altar of Makhleb.
  8253 | D:3      | Noticed a balrug
  8277 | D:3      | Found an opulent altar of Gozag.
  8364 | D:3      | Found Gozag's Platinum Reserve.
  8591 | D:4      | Reached XP level 5. HP: 36/36 MP: 5/5
  8732 | D:4      | XOM: butterfly on damage
  8734 | D:4      | XOM: summons 5 friendly demons
  8851 | D:4      | Reached XP level 6. HP: 23/43 MP: 6/6
  8980 | D:4      | XOM: silly message
  9027 | D:4      | Noticed Ijyb
  9036 | D:4      | XOM: fake destruction
  9039 | D:4      | XOM: fake destruction
  9041 | D:4      | Noticed Pikel
  9212 | D:4      | Killed Ijyb
  9463 | D:4      | XOM: butterfly on damage
  9463 | D:4      | HP: 2/43 [Pikel/+0 whip of freezing (7)]
  9476 | D:4      | Killed Pikel
  9476 | D:4      | Reached skill level 5 in Long Blades
  9476 | D:4      | Reached skill level 5 in Dodging
  9476 | D:4      | Reached XP level 7. HP: 27/49 MP: 1/7
  9509 | D:4      | Reached XP level 8. HP: 34/54 MP: 3/8
  9786 | D:4      | Slain by an ogre

Illustrated notes

Levels and vault maps discovered:
D:1:      zelgadis_glass_arrival_small, layout_basic
D:2:      layout_basic
D:3:      minmay_spotlight, layout_basic, nicolae_gozag_zags_fifth_avenue,
          dancing_weapons_uskayaw, makhleb_altar_promises_db
D:4:      layout_basic, due_unseen_surprise, uniq_pikel, uniq_ijyb,
          uniq_crazy_yiuf_cottage

Skill      XL: |  1  2  3  4  5  6 |
---------------+-------------------+-----
Stealth        | 1 2 3 4 |  4.8
Dodging        | 3 4 5 |  5.6
Long Blades    | 4 5 |  5.8
Fighting       | 4 |  4.5

Action                   |  1- 3 |  4- 6 |  7- 9 || total
-------------------------+-------+-------+-------++-------
Melee: Falchion          |    60 |    77 |    11 ||   148
       Constrict         |    17 |    30 |     2 ||    49
       Tentacles         |     6 |    21 |     2 ||    29
Throw: Dart              |       |     3 |     8 ||    11
Evoke: Wand              |       |     2 |     1 ||     3
  Use: Scroll            |     6 |     8 |       ||    14
       Potion            |     1 |     2 |       ||     3
 Stab: Sleeping          |    10 |     9 |       ||    19
Armor: Skin              |     5 |     5 |       ||    10
Dodge: Dodged            |    16 |    54 |     3 ||    73
       Rpst.: Falchion   |     4 |    21 |       ||    25

Table legend: (Time is in decaauts)
 A = Elapsed time spent in this place.
 B = Non-inter-level travel time spent in this place.
 C = Inter-level travel time spent in this place.
 D = Time resting spent in this place.
 E = Time spent auto-exploring this place.
 F = Levels seen in this place.
 G = Mean time per level.
                   A        B        C        D        E       F      G
               +--------+--------+--------+--------+--------+-----+--------+
         Total |   9803 |   9648 |    155 |   6105 |   2961 |   4 | 2450.8 |
       Dungeon |   9803 |   9648 |    155 |   6105 |   2961 |   4 | 2450.8 |
               +--------+--------+--------+--------+--------+-----+--------+

Top non-repeatable levels by time:
     D:2: 4091 daAuts
     D:1: 3884 daAuts
     D:3: 1075 daAuts
     D:4: 751 daAuts
